 Dungeon Crawl Stone Soup version 0.29.1-1-gd02db6906a (webtiles) character file.

Game seed: 5927085690812292715

6134 Tirrikindir the Fighter (level 10, -11/73 (76) HPs)
             Began as an Octopode Fighter on Oct 22, 2022.
             Was a High Priest of Zin.
             Mangled by a wyvern (18 damage)
             ... on level 10 of the Dungeon.
             The game lasted 00:27:36 (10217 turns).

Tirrikindir the Fighter (Octopode Fighter)         Turns: 10217, Time: 00:27:36

HP:   -11/73 (76)   AC:  3    Str: 16    XL:     10   Next: 89%
MP:   0/16          EV: 15    Int: 16    God:    Zin [*****.]
Gold: 514           SH:  6    Dex: 18    Spells: 17/17 levels left

rFire   . . .      SeeInvis .   p - +9 short sword of Oozing Pus {vorpal, Fly Int+2}
rCold   + . .      Faith    .   b - +0 buckler
rNeg    . . .      Spirit   +   r - +2 hat
rPois   .          Reflect  .   m - amulet of guardian spirit
rElec   .          Harm     .   x - ring of protection from cold
rCorr   +          Rampage  .   y - +6 ring of dexterity
Will    .....                   B - ring of resist corrosion
Stlth   ++++......              N - ring of wizardry
HPRegen 0.22/turn               (no ring)
MPRegen 0.15/turn               (no ring)
                                (no ring)
                                (no ring)

@: flying, slowed, lightly drained, very slow
A: almost no armour, amphibious, 8 rings, camouflage 1, gelatinous body 1,
(nimble swimmer 1), tentacles
a: Renounce Religion, Recite, Vitalisation, Imprison, Sanctuary, Donate Gold


You were on level 10 of the Dungeon.
You worshipped Zin.
Zin was extremely pleased with you.
You visited 2 branches of the dungeon, and saw 11 of its levels.

You collected 571 gold pieces.
You donated 57 gold pieces to Zin.

Inventory:

Hand Weapons
 p - the +9 short sword of Oozing Pus (weapon) {vorpal, Fly Int+2}
   (You found it on level 2 of the Dungeon)

   It inflicts extra damage upon your enemies.
   Int:       It affects your intelligence (+2).
   Fly:       It grants you flight.
Missiles
 d - 27 poisoned darts (quivered)
 g - a curare-tipped dart
Armour
 b - a +0 buckler (worn)
 l - a +2 tower shield
 r - a +2 hat (worn)
Magical Staves
 o - a staff of cold
Jewellery
 m - an amulet of guardian spirit (around mantle)
 s - a ring of fire
 x - a ring of protection from cold (left tentacle)
 y - a +6 ring of dexterity (right tentacle)
 B - a ring of resist corrosion (on tentacle)
 N - a ring of wizardry (on tentacle)
Wands
 e - a wand of flame (12)
 t - a wand of acid (5)
 u - a wand of mindburst (31)
 F - a wand of charming (11)
 O - a wand of iceblast (5)
Scrolls
 a - 2 scrolls of enchant armour
 h - a scroll of silence
 i - a scroll of vulnerability
 j - 2 scrolls of fear
 k - a scroll of amnesia
 v - 2 scrolls of poison {unknown}
 C - a scroll of magic mapping {unknown}
 H - 3 scrolls of blinking {unknown}
 J - a scroll of enchant weapon {unknown}
 K - a scroll of brand weapon {unknown}
 M - 3 scrolls of teleportation {unknown}
Potions
 c - a potion of might
 f - 5 potions of curing
 q - a potion of invisibility
 w - a potion of flight
 z - 3 potions of degeneration {unknown}
 A - 2 potions of ambrosia
 D - 2 potions of haste {unknown}
 E - a potion of mutation {unknown}
 G - 2 potions of cancellation {unknown}
 I - a potion of brilliance {unknown}
 P - a potion of magic {unknown}


   Skills:
 * Level 10.0 Fighting
 - Level 2.0(3.1) Maces & Flails
 + Level 3.8(4.0) Staves
 + Level 2.1 Throwing
 * Level 5.1 Dodging
 + Level 6.1 Stealth
 * Level 5.1 Shields
 + Level 4.0 Spellcasting
 + Level 4.0 Ice Magic
 + Level 4.2 Invocations
 + Level 6.1 Evocations


You had 17 spell levels left.
You didn't know any spells.
Your spell library contained the following spells:

 Spells                   Type           Power      Damage    Failure   Level
 Apportation              Tloc           6%         N/A       9%          1
 Necrotise                Necr           12%        1d4       9%          1
 Summon Small Mammal      Summ           12%        N/A       9%          1
 Stone Arrow              Conj/Erth      6%         3d7       26%         3
 Hailstorm                Conj/Ice       9%         3d4       34%         4
 Ice Form                 Ice/Tmut       9%         N/A       34%         4
 Leda's Liquefaction      Hex/Erth       1%         N/A       61%         4
 Petrify                  Tmut/Erth      3%         N/A       61%         4
 Simulacrum               Ice/Necr       4%         N/A       99%         6
 Statue Form              Tmut/Erth      2%         N/A       100%        6
 Lehudib's Crystal Spear  Conj/Erth      1%         10d2      100%        8
 Animate Armour           Summ/Erth      Unusable   N/A       N/A         4

Dungeon Overview and Level Annotations

Branches:
Dungeon (10/15)            Temple (1/1) D:6            Lair (0/5) D:9
    Orc: D:9-12

Altars:
Ashenzari
Cheibriados
Dithmenos
Elyvilon
Fedhas
Gozag
Hepliaklqana
Kikubaaqudgha
Makhleb
Nemelex Xobeh
Okawaru
Qazlal
Ru
Sif Muna
Trog
Uskayaw
Vehumet
Wu Jian
Xom
Yredelemnul
Zin
The Shining One

Shops:
D:2 =


Innate Abilities, Weirdness & Mutations

You cannot wear most types of armour.
You are amphibious.
You can wear up to eight rings at the same time.
Your skin changes colour to match your surroundings (Stealth+).
Your rubbery body absorbs attacks. (AC +1, EV +1)
((You are camouflaged when in or above water. (Stealth+)))
You have tentacles for arms and can constrict up to eight enemies at once.


Message History

Josephine hits you with a +0 dagger.
* * * LOW HITPOINT WARNING * * *
The wraith hits you.
* * * LOW HITPOINT WARNING * * *
You release your grip on Josephine.
The wraith attacks as you move away! You block the wraith's attack.
Josephine attacks as you move away! Josephine closely misses you.
The shadow slips into darkness.
The shadow flickers and vanishes!
Deactivating autopickup; reactivate with Ctrl-A.
You feel better. The wraith barely misses you.
Aiming: Corrosive Bolt
Press: ? - help, Shift-Dir - straight line, f - acid dragon
Aim: an acid dragon (74% to hit)
The bolt of acid hits Josephine!
Josephine is severely wounded.
The bolt of acid misses the wyvern.
The bolt of acid hits the acid dragon.
The acid dragon is lightly wounded.
Josephine gestures at you while chanting.
The ghostly flame explodes!
The ghostly fireball engulfs you!!
You feel drained. Zin protects you from harm!
The ghostly fireball engulfs Josephine.
Josephine completely resists.
Aiming: Corrosive Bolt
Press: ? - help, Shift-Dir - straight line, f/p - acid dragon
Aim: an acid dragon (lightly wounded, 74% to hit)
The bolt of acid hits Josephine!
The acid corrodes Josephine!
Josephine is almost dead.
The bolt of acid hits the wraith!
The acid corrodes the wraith!
The wraith is moderately damaged.
The bolt of acid hits the acid dragon!
The acid dragon is moderately wounded.
You block Josephine's attack. Josephine hits you with a +0 dagger!
* * * LOW HITPOINT WARNING * * *
You closely miss Josephine. You grab Josephine. You squeeze Josephine.
You kill Josephine!
The wyvern bites you.
* * * LOW HITPOINT WARNING * * *
The wyvern bites you!!
You die...

#####'###
#.# #.# #.#
#.# #.# #.#
#.# #@# #l#
......WWD#
.........#
...=......
####.......
#.##.....
.. #.....#
#.# #.....#


You could see 2 wraiths, a wyvern and an acid dragon.

Vanquished Creatures
  Josephine (D:10)
  Maurice (D:9)
  A gargoyle (D:10)
  A komodo dragon (D:9)
  A hornet (D:7)
  Grinder (D:3)
  A shadow (D:10)
  2 wraiths
  A wyvern (D:9)
  Eustachio (D:6)
  2 water moccasins (D:8)
  3 sky beasts
  2 black bears (D:6)
  2 ice beasts (D:7)
  An ogre (D:5)
  4 centaurs
  A phantom (D:5)
  2 kobold brigands (D:8)
  8 bullfrogs
  4 necrophages
  2 gnoll sergeants
  3 scorpions
  10 wights
  The ghost of TheGhostDragon952 the Chopper, a weakling MiBe of Trog (D:4)
  2 howler monkeys
  Crazy Yiuf (D:2)
  4 hounds
  2 orc priests
  3 jellies
  Ijyb (D:4)
  3 iguanas
  Natasha (thrice) (D:2)
  9 orc wizards
  Terence (D:3)
  6 gnolls
  8 adders
  2 shadow imps
  2 white imps
  2 ufetubi
  24 orcs
  6 bats
  8 endoplasms
  4 giant cockroaches
  3 goblins
  9 hobgoblins
  3 jackals (D:5)
  2 quokkas (D:1)
  7 ball pythons
  2 frilled lizards
  14 kobolds
  7 rats
  A spectral hobgoblin (D:1)
195 creatures vanquished.

Vanquished Creatures (others)
  42 plants (D:9)
42 creatures vanquished.

Grand Total: 237 creatures vanquished

Notes
Turn   | Place    | Note
-------+----------+-------------------------------------------
     0 | D:1      | Tirrikindir the Octopode Fighter began the quest for the
                  | Orb.
     0 | D:1      | Reached XP level 1. HP: 16/16 MP: 1/1
     2 | D:1      | Noticed a vine stalker
     2 | D:1      | Noticed an ogre
     4 | D:1      | Noticed a spriggan
     4 | D:1      | Noticed a demigod
     6 | D:1      | Noticed a felid
     8 | D:1      | Noticed a merfolk
     8 | D:1      | Noticed a naga
    10 | D:1      | Noticed a palentonga
    10 | D:1      | Noticed a ghoul
    12 | D:1      | Noticed a vampire
    12 | D:1      | Noticed an elf
    14 | D:1      | Noticed a troll
    14 | D:1      | Noticed a draconian
    16 | D:1      | Noticed a human
    16 | D:1      | Noticed an octopode
    18 | D:1      | Noticed a gargoyle
    18 | D:1      | Noticed a formicid
    22 | D:1      | Noticed a tengu
    22 | D:1      | Noticed a minotaur
    24 | D:1      | Noticed a demonspawn
    24 | D:1      | Noticed a meteoran
    26 | D:1      | Noticed a formicid
    26 | D:1      | Noticed a formicid
   188 | D:1      | Reached XP level 2. HP: 17/21 MP: 2/2
   457 | D:1      | Found a faded altar of an unknown god.
   466 | D:1      | Prayed at the altar of an unknown god.
   466 | D:1      | Became a worshipper of Zin the Law-Giver
   466 | D:1      | Reached * piety under Zin
   533 | D:1      | Reached skill level 1 in Stealth
   695 | D:1      | Reached ** piety under Zin
   801 | D:1      | Reached XP level 3. HP: 26/26 MP: 3/3
  1204 | D:2      | Found Yvaoteth's Jewellery Boutique.
  1377 | D:2      | Noticed Natasha
  1387 | D:2      | Killed Natasha
  1388 | D:2      | Reached skill level 1 in Throwing
  1388 | D:2      | Reached XP level 4. HP: 13/32 MP: 1/4
  1573 | D:2      | Identified the +9 short sword of Oozing Pus {vorpal, Fly
                  | Int+2}
  1598 | D:2      | Reached skill level 1 in Invocations
  1749 | D:2      | Reached *** piety under Zin
  1768 | D:2      | Noticed Natasha
  1773 | D:2      | Killed Natasha
  1785 | D:2      | Noticed Natasha
  1789 | D:2      | Killed Natasha
  1912 | D:2      | Found a runed translucent door.
  1913 | D:2      | Noticed Crazy Yiuf
  1923 | D:2      | Killed Crazy Yiuf
  1924 | D:2      | Reached XP level 5. HP: 22/37 MP: 0/5
  2125 | D:3      | Noticed Grinder
  2130 | D:3      | Killed Grinder
  2131 | D:3      | Reached skill level 4 in Fighting
  2131 | D:3      | Reached skill level 1 in Staves
  2131 | D:3      | Reached skill level 1 in Spellcasting
  2131 | D:3      | Reached skill level 1 in Ice Magic
  2131 | D:3      | Reached skill level 1 in Evocations
  2131 | D:3      | Reached XP level 6. HP: 23/43 MP: 2/7
  2375 | D:3      | Noticed Terence
  2383 | D:3      | Killed Terence
  2807 | D:4      | Noticed Ijyb
  2811 | D:4      | Killed Ijyb
  2812 | D:4      | Reached XP level 7. HP: 49/49 MP: 8/8
  2843 | D:4      | Found a burning altar of Makhleb.
  2845 | D:4      | Found a glowing golden altar of the Shining One.
  2858 | D:4      | Noticed TheGhostDragon952's ghost (weakling MiBe)
  2859 | D:4      | Found a runed translucent gate.
  2860 | D:4      | Found a runed translucent gate.
  2860 | D:4      | Found a runed translucent gate.
  3805 | D:4      | Killed TheGhostDragon952's ghost
  3934 | D:5      | Entered Level 5 of the Dungeon
  3955 | D:5      | Reached skill level 5 in Fighting
  3972 | D:5      | Reached XP level 8. HP: 52/55 MP: 8/10
  4028 | D:5      | HP: 2/55 [phantom (3)]
  4406 | D:5      | Reached **** piety under Zin
  4852 | D:6      | Found a staircase to the Ecumenical Temple.
  4856 | D:6      | Reached skill level 6 in Fighting
  4862 | D:6      | Reached XP level 9. HP: 35/62 MP: 8/12
  4886 | Temple   | Entered the Ecumenical Temple
  5417 | D:6      | Reached skill level 5 in Stealth
  5691 | D:6      | Got the Omnibus of Petrified Moulding
  5867 | D:6      | Noticed Eustachio
  5875 | D:6      | Killed Eustachio
  6206 | D:7      | Reached skill level 5 in Dodging
  6222 | D:7      | Reached skill level 5 in Shields
  6235 | D:7      | Reached ***** piety under Zin
  6472 | D:7      | Noticed a hornet
  6480 | D:7      | Killed a hornet
  6481 | D:7      | Reached skill level 7 in Fighting
  6882 | D:7      | Found a snail-covered altar of Cheibriados.
  6883 | D:7      | Found an iron altar of Okawaru.
  6885 | D:7      | Found a basalt altar of Yredelemnul.
  7302 | D:7      | Reached XP level 10. HP: 71/71 MP: 14/14
  7766 | D:8      | Reached skill level 8 in Fighting
  7766 | D:8      | Reached skill level 5 in Evocations
  8855 | D:9      | Noticed Maurice
  8866 | D:9      | Killed Maurice
  8867 | D:9      | Reached skill level 9 in Fighting
  8934 | D:9      | Noticed a six-headed hydra
  8950 | D:9      | Noticed a centaur warrior
  8950 | D:9      | Noticed a boulder beetle
  8951 | D:9      | Noticed a centaur warrior
  8960 | D:9      | Noticed a manticore
  8960 | D:9      | Noticed a boulder beetle
  8960 | D:9      | Noticed a fire dragon
  8960 | D:9      | Noticed a skeletal warrior
  8960 | D:9      | Noticed a tengu warrior
  8960 | D:9      | Noticed a skeletal warrior
  9070 | D:9      | Found a staircase to the Lair.
  9084 | D:9      | HP: 1/74 [komodo dragon (24)]
  9833 | D:10     | Entered Level 10 of the Dungeon
  9873 | D:10     | Reached skill level 10 in Fighting
 10071 | D:10     | Noticed a gargoyle
 10079 | D:10     | Killed a gargoyle
 10207 | D:10     | Noticed Josephine
 10215 | D:10     | Zin protects you from harm!
 10217 | D:10     | Killed Josephine
 10217 | D:10     | Mangled by a wyvern

Illustrated notes

Levels and vault maps discovered:
D:1:      kb_arrival_jail, layout_basic,
          dreamdust_ecumenical_altar_drowned_temple
D:2:      layout_loops_ring, serial_shops, shop, uniq_crazy_yiuf_cottage,
          uniq_natasha
D:3:      layout_rooms, item_on_display_a, uniq_terence, uniq_grinder
D:4:      layout_basic, mainiacjoe_overflow_catwalk_spiral,
          gammafunk_ghost_split, uniq_ijyb
D:5:      layout_loops_ring
D:6:      layout_basic, minmay_temple_entry_glass, uniq_eustachio
D:7:      layout_gridville, nicolae_overflow_hidden_temple
D:8:      layout_basic
D:9:      layout_rooms, david_lair_shrubbed, hex_intersection, minivault_12,
          uniq_maurice
D:10:     layout_basic, uniq_josephine
Temple:   bh_familiar_temple

Skill      XL: |  1  2  3  4  5  6  7  8  9 10 |
---------------+-------------------------------+-----
Stealth        | 1 2 3 4 6 |  6.1
Throwing       | 1 2 |  2.1
Invocations    | 1 2 3 4 |  4.2
Fighting       | 4 5 6 7 10 | 10.0
Staves         | 1 2 3 |  3.8
Spellcasting   | 1 2 3 4 |  4.0
Ice Magic      | 1 2 3 4 |  4.0
Evocations     | 1 2 3 4 6 |  6.1
Dodging        | 4 5 |  5.1
Shields        | 4 5 |  5.1
Maces & Flails | |  2.0

Action                   |  1- 3 |  4- 6 |  7- 9 | 10-12 || total
-------------------------+-------+-------+-------+-------++-------
Melee: Flail             |    30 |       |       |       ||    30
       Constrict         |    10 |    13 |    39 |    63 ||   125
       Tentacles         |     9 |    10 |    46 |    53 ||   118
       Mace              |    12 |       |       |       ||    12
       Punch             |     2 |       |     3 |     4 ||     9
       Staff             |    13 |       |       |       ||    13
       Short sword       |       |    46 |   195 |   167 ||   408
Throw: Dart              |       |     1 |     9 |     7 ||    17
Evoke: Wand              |       |       |     8 |     7 ||    15
  Use: Scroll            |     2 |       |     3 |     6 ||    11
       Potion            |       |     2 |     4 |     3 ||     9
 Stab: Sleeping          |     9 |     7 |    17 |    10 ||    43
       Distracted        |       |       |       |     1 ||     1
Armor: Skin              |     6 |       |    27 |    13 ||    46
Dodge: Dodged            |    35 |    13 |    88 |    89 ||   225
Block: Buckler           |     9 |     2 |    45 |    47 ||   103
